 Dungeon Crawl Stone Soup version 0.28.0-53-g5a82cb258f (webtiles) character file.

Game seed: 11613066135110615893

4977 Infinimo the Fighter (level 10, 0/106 HPs)
             Began as a Gargoyle Berserker on June 16, 2022.
             Was a Priest of Trog.
             Slain by a sixfirhy (1 damage)
             ... summoned by an orc sorcerer
             ... in a bailey.
             The game lasted 00:09:12 (8016 turns).

Infinimo the Fighter (Gargoyle Berserker)           Turns: 8016, Time: 00:09:12

Health: 0/106      AC: 25    Str: 26    XL:     10   Next: 53%
Magic:  10/10      EV:  2    Int:  7    God:    Trog [***...]
Gold:   382        SH:  0    Dex:  9    Spells: 9/9 levels left

rFire   . . .      SeeInvis .   k - +1 morningstar
rCold   . . .      Faith    .   (no shield)
rNeg    + . .      Spirit   .   (armour currently unavailable)
rPois   ∞          Reflect  .   (helmet currently unavailable)
rElec   .          Harm     .   (cloak currently unavailable)
rCorr   .          Rampage  .   (gloves currently unavailable)
Will    .....      NoTele   +   (boots currently unavailable)
Stlth   +.........              (no amulet)
HPRegen 0.27/turn               (no ring)
MPRegen 0.12/turn               (no ring)

@: tree-form, on berserk cooldown, slowed, studying Fighting, very slow
A: stationary, stasis, torment immunity, boosted hp, sickness immunity, AC +7,
negative energy resistance 1, (electricity resistance), torment resistance 1,
petrification resistance
a: Renounce Religion, Berserk, Trog's Hand


You were in a bailey.
You worshipped Trog.
Trog was most pleased with you.
You were a tree.
You visited 1 branch of the dungeon, and saw 9 of its levels.
You also visited: Bailey.

You collected 382 gold pieces.

Inventory:

Hand Weapons
 k - a +1 morningstar (weapon)
Missiles
 f - a throwing net (quivered)
Armour
 e - a +1 pair of boots (melded)
 i - a +0 hat (melded)
 l - a +0 cloak (melded)
 r - a +0 plate armour (melded)
Jewellery
 q - a ring of flight
Wands
 a - a wand of polymorph (12)
 t - a wand of mindburst (10)
Potions
 b - a potion of resistance
 m - 4 potions of degeneration
 o - 2 potions of flight
 p - a potion of mutation
 s - a potion of curing


   Skills:
 + Level 11.9 Fighting
 * Level 11.2 Maces & Flails
 + Level 8.6 Armour
 - Level 1.5 Dodging


You had 9 spell levels left.
You didn't know any spells.
Your spell library was empty.

Dungeon Overview and Level Annotations

Branches:
Dungeon (9/15)             Temple (0/1) D:5          Bailey (1/1)
   Lair: D:8-11         Orc: D:9-12

Altars:
Kikubaaqudgha

Shops:
D:8 =


Innate Abilities, Weirdness & Mutations

You are a tree.
Your roots penetrate the ground, keeping you stationary.
You cannot be teleported.
You are immune to unholy pain and torment.
Your maximum health is greatly increased.
Your equipment is partially melded.
You are immune to sickness and miasma.
((Your stone body is resilient. (AC +7)))
You are immune to poison.
You resist negative energy. (rN+)
((You are resistant to electric shocks. (rElec)))
You are resistant to unholy torment.
You are immune to petrification.


Message History

You hit the orc knight.
The orc knight is lightly wounded.
The orc knight hits you but does no damage.
You closely miss the orc knight.
The orc knight is lightly wounded.
The orc knight hits you but does no damage.
The orc sorcerer points at you and mumbles some strange words.
You suddenly lose the ability to move!
The orc knight hits you but does no damage.
The orc sorcerer hits you with a +0 broad axe!
The orc knight hits you but does no damage.
The orc sorcerer barely misses you.
The orc knight hits you but does no damage.
You can move again.
Unknown command.
Unknown command.
You closely miss the orc sorcerer.
The orc sorcerer gestures wildly while chanting.
The orc knight hits you but does no damage.
The hobgoblin hits you but does no damage.
The orc sorcerer hits you with a +0 broad axe.
* * * LOW HITPOINT WARNING * * *
You closely miss the orc sorcerer.
The orc sorcerer no longer looks unusually strong.
The sixfirhy hits you but does no damage. x2
The orc knight roars a battlecry!
The orc sorcerer goes into a battle-frenzy!
The orc sorcerer hits you with a +0 broad axe!
* * * LOW HITPOINT WARNING * * *
The sixfirhy barely misses you.
The orc knight hits you with a +0 war axe.
* * * LOW HITPOINT WARNING * * *
You impale the orc knight!!
The orc knight is moderately wounded.
The sixfirhy hits you.
* * * LOW HITPOINT WARNING * * *
The sixfirhy shocks you!
* * * LOW HITPOINT WARNING * * *
The sixfirhy hits you.
You die...

#..')))..+
#..'.....+
####..#..⌠..#
#.....#.....#
#.8...#.....#
#.....#######
#.8#############
#..#...........#
#o8#...♣)......#
#g.#..3oo_.....#
##)#...g.......#
#)o#+####'####+#
#..#... ..#.[[#
#..#... ..#.[[#
#..###+ .8#+###
#..# ..# #'##
.8#


You could see an orc knight, a sixfirhy (summoned), an orc sorcerer (strong) and
a hobgoblin.

Vanquished Creatures
  A centaur warrior (D:8)
  An orc high priest (Bailey)
  A hornet (D:5)
  A troll (D:9)
  A wyvern (D:4)
  3 steam dragons
  Duvessa (D:5)
  3 orc warriors (Bailey)
  A black bear (D:6)
  3 sky beasts
  A necrophage (D:6)
  2 ogres
  2 centaurs
  A kobold brigand (D:6)
  Dowan (D:5)
  4 killer bees (D:8)
  5 wights (D:7)
  2 howler monkeys (D:8)
  A centaur skeleton (D:5)
  4 hounds
  4 jellies
  A centaur zombie (D:8)
  6 orc priests
  A bullfrog skeleton (D:6)
  5 iguanas
  7 orc wizards
  A killer bee zombie (D:7)
  A howler monkey zombie (D:7)
  4 adders
  13 gnolls
  2 shadow imps
  A white imp (D:5)
  An ufetubus (D:4)
  4 worms
  5 dart slugs
  29 orcs
  5 endoplasms
  13 goblins
  5 hobgoblins
  3 jackals (D:4)
  9 kobolds
  5 quokkas
  7 ball pythons
  10 bats
  3 frilled lizards
  2 rats (D:1)
186 creatures vanquished.

Vanquished Creatures (others)
  6 fungi (D:5)
6 creatures vanquished.

Grand Total: 192 creatures vanquished

Notes
Turn   | Place    | Note
-------+----------+-------------------------------------------
     0 | D:1      | Infinimo the Gargoyle Berserker began the quest for the
                  | Orb.
     0 | D:1      | Reached XP level 1. HP: 14/14 MP: 1/1
   363 | D:1      | Reached XP level 2. HP: 18/19 MP: 2/2
   627 | D:1      | Found a faded altar of an unknown god.
   818 | D:1      | Reached XP level 3. HP: 19/23 MP: 3/3
  1475 | D:2      | Reached ** piety under Trog
  1898 | D:3      | Reached XP level 4. HP: 25/29 MP: 4/4
  1998 | D:3      | Reached XP level 5. HP: 33/33 MP: 5/5
  2089 | D:3      | Identified a scroll of acquirement
  2089 | D:3      | Acquired a manual of Fighting
  2623 | D:4      | Noticed a wyvern
  2632 | D:4      | Killed a wyvern
  2633 | D:4      | Reached skill level 5 in Fighting
  2633 | D:4      | Reached skill level 5 in Maces & Flails
  2633 | D:4      | Reached XP level 6. HP: 39/40 MP: 6/6
  3102 | D:4      | Reached XP level 7. HP: 38/45 MP: 7/7
  3542 | D:5      | Entered Level 5 of the Dungeon
  3573 | D:5      | Noticed Duvessa
  3574 | D:5      | Noticed Dowan
  3576 | D:5      | Reached *** piety under Trog
  3585 | D:5      | Killed Duvessa
  3587 | D:5      | Killed Dowan
  3591 | D:5      | Reached skill level 5 in Armour
  3746 | D:5      | Noticed a hornet
  3754 | D:5      | Killed a hornet
  3755 | D:5      | Reached XP level 8. HP: 53/53 MP: 8/8
  4200 | D:5      | Found a staircase to the Ecumenical Temple.
  5008 | D:6      | Found an ancient bone altar of Kikubaaqudgha.
  5045 | D:6      | Reached XP level 9. HP: 60/60 MP: 9/9
  6243 | D:7      | Reached skill level 10 in Fighting
  6684 | D:8      | Found Puycro's Jewellery Shop.
  6810 | D:8      | Reached skill level 10 in Maces & Flails
  6945 | D:8      | Noticed a centaur warrior
  6963 | D:8      | Killed a centaur warrior
  6964 | D:8      | Reached XP level 10. HP: 21/69 MP: 10/10
  7845 | D:9      | Found a flagged portal.
  7855 | Bailey   | Entered a bailey
  7963 | Bailey   | Noticed an orc knight
  7973 | Bailey   | Found an iron altar of Okawaru.
  7973 | Bailey   | Noticed an orc high priest
  7980 | Bailey   | Noticed a sun demon
  7986 | Bailey   | Killed an orc high priest
  7987 | Bailey   | HP: 5/106 [orc warrior/+0 war axe (10)]
  7988 | Bailey   | HP: 1/106 [orc warrior/+0 war axe (4)]
  8005 | Bailey   | Noticed an orc knight
  8005 | Bailey   | Noticed an orc sorcerer
  8011 | Bailey   | Paralysed by an orc sorcerer for 3 turns
  8015 | Bailey   | Noticed a sixfirhy
  8016 | Bailey   | HP: 1/106 [sixfirhy[an orc sorcerer] (11)]
  8016 | Bailey   | Slain by a sixfirhy

Illustrated notes

Levels and vault maps discovered:
D:1:      grunt_arrival_crossed_arrows, layout_loops_ring,
          ebering_ecumenical_altar_rust, kennysheep_crisscross
D:2:      layout_loops_ring, minmay_misc_feat_square,
          chequers_serial_rivers_micro_b
D:3:      layout_rooms
D:4:      layout_gridville
D:5:      kennysheep_steamy, layout_basic, lemuel_temple_firewalk_b,
          uniq_duvessa
D:6:      layout_cave_pods, lemuel_doored_altar, nicolae_zen_rock_garden,
          corexii_checkpoint_a
D:7:      layout_cave_pools
D:8:      layout_basic, serial_rivers, chequers_serial_rivers_large_a,
          chequers_serial_rivers_micro_c, chequers_serial_rivers_large_b,
          chequers_serial_rivers_micro_a, chequers_serial_rivers_room_b,
          hangedman_decor_peaks_small, minmay_shop_enchanted_jewellery
D:9:      layout_loops_cross, enter_bailey_2, uniq_erica, uniq_erolcha
Bailey:   bailey_axe_of_yendor_kennysheep, bailey

Skill      XL: |  1  2  3  4  5  6  7  8  9 10 |
---------------+-------------------------------+-----
Maces & Flails | 4 5 7 8 10 11 | 11.2
Armour         | 3 4 5 6 8 |  8.6
Fighting       | 4 5 7 8 11 | 11.9
Dodging        | |  1.5

Action                   |  1- 3 |  4- 6 |  7- 9 | 10-12 || total
-------------------------+-------+-------+-------+-------++-------
Melee: Mace              |   128 |    35 |       |       ||   163
       Morningstar       |       |    91 |   283 |    71 ||   445
       Punch             |       |       |     4 |       ||     4
Invok: Berserk           |     2 |     3 |    13 |     3 ||    21
  Use: Scroll            |     4 |     1 |    10 |     7 ||    22
       Potion            |       |       |       |     4 ||     4
 Stab: Sleeping          |     3 |       |       |       ||     3
Armor: Animal skin       |    31 |       |       |       ||    31
       Chain mail        |    32 |    84 |   223 |    17 ||   356
       Plate armour      |       |       |       |    50 ||    50
       Skin              |       |       |       |    11 ||    11
Dodge: Dodged            |    96 |    59 |   125 |    45 ||   325
